 Dungeon Crawl Stone Soup version 0.31-a0-325-g067879e3d3 (webtiles) character file.

Game seed: 4561375945188370475

896 cforsyth the Ruffian (level 7, -1/56 HPs)
             Began as a Vampire Shapeshifter on July 18, 2023.
             Slain by Pikel
             ... wielding a +2 whip of freezing
              (2 damage)
             ... on level 5 of the Dungeon.
             The game lasted 00:05:21 (3771 turns).

cforsyth the Ruffian (Vampire Shapeshifter)         Turns: 3771, Time: 00:05:22

Health: -1/56      AC:  1    Str: 14    XL:     7   Next: 78%
Magic:  0/7        EV: 12    Int: 11    God:
Gold:   203        SH:  0    Dex: 16    Spells: 6/6 levels left

rFire   + .          .
                       - Unarmed
rCold   + . .        (no shield)
rNeg    . . .        a - +0 animal skin
rPois   +            (helmet currently unavailable)
rElec   +            (cloak currently unavailable)
rCorr   +            (gloves currently unavailable)
SInv    +            (boots currently unavailable)
Will    .....        i - amulet of guardian spirit
Stlth   ++           (no ring)
HPRegen 0.49/turn    (no ring)
MPRegen 0.10/turn

%: guardian spirit
@: beast-form, resistant, attractive, healing quickly
A: beast (slay +4), alive, fangs 3, see invisible, vampiric 2, thin skeletal
structure 1, deformed body, weak 1
a: Exsanguinate, Begin Untransformation


You were on level 5 of the Dungeon.
You were a hulking beast.
You visited 2 branches of the dungeon, and saw 6 of its levels.

You collected 203 gold pieces.

Inventory:

Armour
 a - a +0 animal skin (worn)
Jewellery
 i - an amulet of guardian spirit (around neck)
 u - an amulet of regeneration
Talismans
 c - a beast talisman
Wands
 q - a wand of mindburst (3)
 t - a wand of flame (19)
Scrolls
 b - a scroll of teleportation {unknown}
 d - 2 scrolls of silence {unknown}
 g - 6 scrolls of identify
 j - a scroll of poison {unknown}
 n - 2 scrolls of enchant weapon
 p - a scroll of fog {unknown}
 r - a scroll of vulnerability {unknown}
Potions
 e - 2 potions of might {unknown}
 f - 3 potions of attraction
 h - a potion of ambrosia {unknown}
 k - a potion of resistance
 m - a potion of curing
 o - a potion of mutation
 s - a potion of haste {unknown}


   Skills:
 + Level 5.0 Fighting
 - Level 2.1 Dodging
 + Level 6.0 Unarmed Combat
 + Level 5.7 Shapeshifting


You had 6 spell levels left.
You didn't know any spells.
Your spell library contained the following spells:

 Spells                   Type           Power      Damage    Failure   Level
 Shock                    Conj/Air       0%         1d3       34%         1
 Gell's Gravitas          Tloc           0%         N/A       71%         3
 Swiftness                Air            0%         N/A       71%         3
 Teleport Other           Tloc           0%         N/A       71%         3
 Airstrike                Air            0%         2d(0-16)  98%         4
 Dispersal                Tloc           0%         N/A       100%        6


Dungeon Overview and Level Annotations

Branches:
Dungeon (5/15)             Temple (1/1) D:5

Altars:
Ashenzari
Cheibriados
Dithmenos
Fedhas
Gozag
Kikubaaqudgha
Makhleb
Okawaru
Qazlal
Trog
Uskayaw
Wu Jian
Xom
Yredelemnul

Annotations:
D:5 Pikel


Innate Abilities, Weirdness & Mutations

You are a hulking beast.
Your limbs bulge with bestial killing power. (Slay +4)
Your natural rate of healing is accelerated.
You have razor-sharp teeth.
You have supernaturally acute eyesight. (SInv)
You are afflicted with vampirism and can become a bat while bloodless.
You have a somewhat thin skeletal structure. (Dex +2, Stealth+)
Armour fits poorly on your strangely shaped body.
You are weak. (Str -2)


Message History

A lemure comes into view. x2
The lemure shouts! x2
You hit Pikel. Your punch misses Pikel.
Pikel is lightly wounded.
Pikel hits you with a +2 whip of freezing.
Pikel freezes you.
You hit Pikel.
Pikel is moderately wounded.
You miss Pikel.
Pikel is moderately wounded.
Pikel hits you with a +2 whip of freezing!
Pikel freezes you.
You hit Pikel.
Pikel is moderately wounded.
Pikel hits you with a +2 whip of freezing.
Pikel freezes you.
You barely miss Pikel.
Pikel is moderately wounded.
Pikel zaps a wand.
You easily resist.
You completely miss Pikel. Your bite misses Pikel.
Pikel is moderately wounded.
Pikel hits you with a +2 whip of freezing.
Pikel freezes you.
* * * LOW HITPOINT WARNING * * *
It was a potion of attraction.
You feel attractive to monsters.
Pikel zaps a wand.
You easily resist.
It was a potion of resistance.
You feel protected.
Pikel hits you with a +2 whip of freezing!
* * * LOW HITPOINT WARNING * * *
Pikel freezes you.
* * * LOW HITPOINT WARNING * * *
It was a potion of mutation.
You feel extremely strange.
Your body twists and deforms.
You feel weaker.
Your bones become slightly less dense.
Pikel hits you with a +2 whip of freezing!
* * * LOW HITPOINT WARNING * * *
Pikel freezes you.
You die...

......##...### #..# ##...##
#.......##..## ##.## #...#
#...........## #.## #..### #..
......#..####.# ##....#
#..####..###..##..# ##......
.###...##....##.....#####....###
.......).............#...#...###
.......)....###.....#..####...##
.......)..### #h######.# ###...
.........## #K# #.# #...
..#.....## #5# ##. ##.##
##.....# #5# .# #.... #.....##
##5## ##.. #....
#......####.5.####........###
#..#................###....
...###.....###......## ## #...
#....## ##....#####..#


You could see Pikel and 4 lemures.

Vanquished Creatures
  Grinder (D:3)
  Duvessa (D:5)
  A phantom (D:4)
  A kobold brigand (D:4)
  A scorpion (D:4)
  Dowan (D:5)
  An orc priest (D:4)
  A hound (D:5)
  Jessica (D:3)
  2 iguanas
  An orc wizard (D:4)
  A mummy (D:4)
  4 adders
  A shadow imp (D:5)
  An ufetubus (D:4)
  4 worms
  3 dart slugs
  18 orcs
  5 endoplasms
  4 giant cockroaches
  8 goblins
  3 hobgoblins
  7 jackals
  2 quokkas (D:1)
  6 ball pythons
  9 bats
  2 frilled lizards (D:1)
  2 hobgoblin zombies (D:4)
  11 kobolds
  A kobold zombie (D:4)
  An orc zombie (D:4)
  4 rats
109 creatures vanquished.

Notes
Turn   | Place    | Note
-------+----------+-------------------------------------------
     0 | D:1      | cforsyth the Vampire Shapeshifter began the quest for the
                  | Orb.
     0 | D:1      | Reached XP level 1. HP: 16/16 MP: 1/1
   138 | D:1      | Reached XP level 2. HP: 22/22 MP: 2/2
   374 | D:1      | Found a faded altar of an unknown god.
   449 | D:1      | Gained mutation: You are afflicted with vampirism and can
                  | become a bat while bloodless. [Vampire growth]
   449 | D:1      | Reached XP level 3. HP: 28/28 MP: 3/3
   537 | D:1      | Reached skill level 3 in Unarmed Combat
  1531 | D:3      | Reached XP level 4. HP: 34/34 MP: 4/4
  1535 | D:3      | Noticed Grinder
  1535 | D:3      | Paralysed by Grinder for 2 turns
  1558 | D:3      | Killed Grinder
  1559 | D:3      | Reached skill level 4 in Unarmed Combat
  1559 | D:3      | Reached XP level 5. HP: 41/41 MP: 3/5
  1559 | D:3      | Reached XP level 6. HP: 47/47 MP: 3/6
  1903 | D:3      | Noticed Jessica
  1911 | D:3      | Killed Jessica
  2315 | D:4      | Reached skill level 5 in Shapeshifting
  2438 | D:4      | Reached skill level 5 in Unarmed Combat
  2451 | D:4      | Reached XP level 7. HP: 28/54 MP: 4/7
  3220 | D:5      | Entered Level 5 of the Dungeon
  3288 | D:5      | Found a staircase to the Ecumenical Temple.
  3297 | Temple   | Entered the Ecumenical Temple
  3452 | D:5      | Noticed Duvessa
  3455 | D:5      | Noticed Dowan
  3474 | D:5      | Killed Duvessa
  3478 | D:5      | Killed Dowan
  3582 | D:5      | Reached skill level 5 in Fighting
  3686 | D:5      | Reached skill level 6 in Unarmed Combat
  3743 | D:5      | Noticed Pikel
  3771 | D:5      | Gained mutation: Armour fits poorly on your strangely
                  | shaped body. [potion of mutation]
  3771 | D:5      | Gained mutation: You are weak. (Str -2) [potion of
                  | mutation]
  3771 | D:5      | Gained mutation: You have a somewhat thin skeletal
                  | structure. (Dex +2, Stealth+) [potion of mutation]
  3771 | D:5      | HP: 1/56 [Pikel/+2 whip of freezing (7)]
  3771 | D:5      | Slain by Pikel

Illustrated notes

Levels and vault maps discovered:
D:1:      lightli_arrival_farm, layout_basic,
          shapermc_ecumenical_altar_notcrosses, minivault_5
D:2:      layout_loops_ring
D:3:      layout_loops_ring, elyvilon_altar_3, uniq_jessica, uniq_grinder
D:4:      layout_loops_cross, st_stairs_12, minmay_hedge_maze,
          minmay_mini_ossuary
D:5:      layout_layer_cave, nicolae_hepliaklqana_hippocampus, temple_fountains,
          uniq_pikel, uniq_duvessa
Temple:   kb_temple_of_zot

Skill      XL: |  1  2  3  4  5  6  7 |
---------------+----------------------+-----
Fighting       | 2 3 4 5 |  5.0
Unarmed Combat | 3 4 5 6 |  6.0
Shapeshifting  | 4 5 |  5.7
Dodging        | |  2.1

Action                     |  1- 3 |  4- 6 |  7- 9 || total
---------------------------+-------+-------+-------++-------
  Melee: Unarmed           |   132 |   118 |   105 ||   355
         Bite              |    17 |     9 |     7 ||    33
         Punch             |     2 |     4 |     5 ||    11
    Use: Potion            |       |     1 |     5 ||     6
         Scroll            |       |       |     1 ||     1
   Stab: Sleeping          |     2 |       |       ||     2
         Distracted        |     1 |       |       ||     1
 Armour: Animal skin       |    29 |    20 |     6 ||    55
         Skin              |       |     8 |    18 ||    26
  Dodge: Dodged            |    98 |    46 |    40 ||   184

Table legend: (Time is in decaauts)
 A = Elapsed time spent in this place.
 B = Non-inter-level travel time spent in this place.
 C = Inter-level travel time spent in this place.
 D = Time resting spent in this place.
 E = Time spent auto-exploring this place.
 F = Levels seen in this place.
 G = Mean time per level.
                   A        B        C        D        E       F      G
               +--------+--------+--------+--------+--------+-----+--------+
         Total |   3769 |   3627 |    142 |     51 |   2804 |   6 |  628.2 |
       Dungeon |   3740 |   3612 |    128 |     51 |   2804 |   5 |  748.0 |
        Temple |     28 |     14 |     14 |      0 |      0 |   1 |   28.0 |
               +--------+--------+--------+--------+--------+-----+--------+

Top non-repeatable levels by time:
     D:4: 1075 daAuts
     D:1: 856 daAuts
     D:3: 671 daAuts
     D:2: 621 daAuts
     D:5: 516 daAuts
  Temple: 28 daAuts
